 Dungeon Crawl Stone Soup version 0.15.1-1-gfacfea3 (webtiles) character file.

44 jlowcs the Chopper (level 3, 33/33 HPs)
             Began as a Minotaur Berserker on Sept 19, 2014.
             Was a Believer of Trog.
             Starved to death
             ... on Level 2 of the Dungeon.
             The game lasted 00:23:39 (1878 turns).

jlowcs the Chopper (Minotaur Berserker)             Turns: 1878, Time: 00:23:43

HP  33/33        AC 11     Str 22      XL: 3   Next: 41%
MP   2/2         EV  7     Int  4      God: Trog [**....]
Gold 55          SH  0     Dex  9      Spells:  0 memorised,  2 levels left

rFire  . . .     SeeInvis .     a - +0 hand axe
rCold  . . .     Clarity  .     G - +1 chain mail {rPois}
rNeg   . . .     rCorr    .     (no shield)
rPois  +         rRot     .     (helmet restricted)
rElec  .         Spirit   .     (no cloak)
SustAb .         Warding  .     D - +0 pair of gloves
rMut   .         Stasis   .     (no boots)
Gourm  .                        (no amulet)
MR     .....                    (no ring)
                                (no ring)

@: starving, not resistant to hostile enchantments, extremely unstealthy
A: retaliatory headbutt, horns 2
a: Burn Spellbooks, Berserk, Trog's Hand, Renounce Religion


You were on level 2 of the Dungeon.
You worshipped Trog.
Trog was pleased with you.
You were starving.

You visited 1 branch of the dungeon, and saw 2 of its levels.

You collected 55 gold pieces.

Inventory:

Hand weapons
 a - a +0 hand axe (weapon)
 d - a +0 short sword
 f - a +0 spear
 g - a +0 spear
 m - a cursed -2 dagger
 o - a +0 short sword
 p - a +0 club
 r - a +0 club
 w - a +0 club
 z - a +0 club
 C - a +0 dagger
 F - a +0 hunting sling
 H - a +0 club
 I - a +0 short sword
 J - a +0 dagger
 K - a +1 dagger of draining
Missiles
 i - 70 stones (quivered)
 v - 18 arrows
 y - 8 arrows of frost
 E - 29 bolts
Armour
 b - a +0 animal skin
 h - a +0 ring mail
 t - a +0 leather armour
 x - a +0 chain mail
 D - a +0 pair of gloves (worn)
 G - a +1 chain mail of poison resistance (worn)
Comestibles
 c - a bread ration
Scrolls
 k - a scroll of teleportation {unknown}
 l - 2 scrolls of blinking {unknown}
 n - a scroll of fear {unknown}
 q - a scroll of enchant weapon {unknown}
 A - 3 scrolls of identify {unknown}
 L - a scroll of remove curse
 M - a scroll of fog {unknown}
Potions
 e - a potion of porridge
 j - a potion of poison {unknown}
 s - a potion of beneficial mutation {unknown}
 u - 2 potions of curing {unknown}
 B - a potion of heal wounds {unknown}


   Skills:
 + Level 4.1 Fighting
 + Level 4.6 Axes
 + Level 2.7 Armour
 + Level 2.6 Dodging
 + Level 0.1 Stealth


You had 2 spell levels left.
You didn't know any spells.

Dungeon Overview and Level Annotations

Branches:
Dungeon (2/15)

Altars:


Innate Abilities, Weirdness & Mutations

You reflexively headbutt those who attack you in melee.
You have a pair of horns on your head.


Message History

You hit the adder but do no damage.
The adder is heavily wounded.
The adder barely misses you.
You miss the adder. You headbutt the adder.
You kill the adder!
Trog accepts your kill.
You can now regenerate and be protected from hostile enchantments.
Your Fighting skill increases to level 4!
You see here an adder corpse.
You open the door.
A giant newt comes into view.
There is an open door here.
You hit the giant newt.
The giant newt is severely wounded.
The giant newt barely misses you. You furiously retaliate!
You headbutt the giant newt.
You kill the giant newt!
Trog accepts your kill.
You have starved to death.
You die...

#.###.# ##.........#.###.##
#.#.#.# #.##...#.##......#
...#..# #.##...#.##..##..#
#.###.# ##+##...#.........#
##.#.## ##...########..###.#
##.## ##.....## #......# #.%##
##.......## ##..##..#
###...####.........####.......###
.........+......@..'.............
###...####.........####...##.###.
#....## ##.......## ##<###.# #.
#.#### ##.....## #.....# #. #.
##...## #.##### #> # ##+# #.# #.
#.# #.#######. #.# #.........
#####.## #.########


There were no monsters in sight!

Vanquished Creatures
  An adder (D:2)
  A giant gecko (D:2)
  A bat (D:2)
  5 hobgoblins
  A ball python (D:1)
  3 giant newts
  10 goblins
  4 kobolds
  9 rats
35 creatures vanquished.

Notes
Turn   | Place    | Note
--------------------------------------------------------------
     0 | D:1      | jlowcs, the Minotaur Berserker, began the quest for the Orb.
     0 | D:1      | Reached XP level 1. HP: 19/19 MP: 1/1
   379 | D:1      | Reached XP level 2. HP: 24/27 MP: 1/1
   563 | D:1      | Reached skill level 4 in Axes
  1371 | D:2      | Reached XP level 3. HP: 31/33 MP: 2/2
  1834 | D:2      | Acquired Trog's second power
  1878 | D:2      | Starved to death

Action                   || total
-------------------------++-------
Melee: Hand axe          ||    77
       Club              ||     5
  Use: Scroll            ||     1
